[Event "Open Nuevo Centro. Jornada 2"]
[Site "Chess.com"]
[Date "2020.06.26"]
[Round "5"]
[White "Elenkov Olmo, Ivan"]
[Black "Sverdlik Roldán, Elías"]
[Result "1/2-1/2"]
[WhiteElo "903"]
[BlackElo "570"]
[TimeControl "180+2"]
[EndTime "11:25:28 PDT"]
[Termination "Tablas por repeticiÃ³n de movimientos"]

1. e4 e5 2. Nf3 d6 3. Nc3 Nc6 4. d3 Nf6 5. Bg5 Be7 6. Bxf6 Bxf6 7. Nd5 Be6 8. Nxf6+ Qxf6 9. Be2 Nd4 10. Nxd4 exd4 11. O-O d5 12. exd5 Bxd5 13. Re1 O-O 14. c4 Bc6 15. b4 Qg5 16. Bf3 Bxf3 17. Qxf3 Rae8 18. Rxe8 Rxe8 19. g3 b6 20. Qd1 c5 21.
bxc5 bxc5 22. Qf1 a5 23. Re1 Rxe1 24. Qxe1 h6 25. Qxa5 Qc1+ 26. Kg2 h5 27. Qxc5 Qc3 28. a4 Qxd3 29. a5 Qe4+ 30. Kg1 Qe1+ 31. Kg2 d3 32. Qc8+ Kh7 33. Qf5+ g6 34. Qxf7+ Kh6 35. Qf8+ Kg5 36.
Qc5+ Kh6 37. a6 d2 38. Qf8+ Kg5 39. Qd8+ Kh6 40. Qf8+ Kg5 41. Qd8+ Kh6 42. Qf8+ 1/2-1

[Event "Open Nuevo Centro. Jornada 2"]
[Site "Chess.com"]
[Date "2020.06.26"]
[Round "5"]
[White "SIMARRO PEIRÓ, ANDRÉS"]
[Black "Ainsa Jimenez, Lucas"]
[Result "0-1"]
[WhiteElo "1007"]
[BlackElo "928"]
[TimeControl "180+2"]
[EndTime "11:25:31 PDT"]
[Termination "Victoria de ainsaluck por jaque mate"]

1. e4 e5 2. Nf3 Nc6 3. Nc3 Bc5 4. Bb5 Qe7 5. Nd5 Qe6 6. Nxc7+ Ke7 7. Nxe6 Kxe6 8.
Ng5+ Ke7 9. d3 f6 10. Nf3 d6 11. Bxc6 bxc6 12. O-O Ke8 13. c3 Ne7 14. d4 exd4 15.
cxd4 Bb6 16. d5 cxd5 17. exd5 Kf7 18. Re1 Re8 19. Bf4 Bc5 20. a3 a5 21. Rc1 Kg8 22.
Bg3 Bd7 23. Nd2 Nf5 24. Rxe8+ Rxe8 25. Nb3 Nxg3 26. Nxc5 dxc5 27. hxg3 Rc8 28. d6 Kf7 29. Qd5+ Be6 30. Qh5+ g6 31. Qxh7+ Ke8 32. Qxg6+ Kd7 33.
Qg7+ Kxd6 34. Qxf6 Rc7 35. Rd1+ Kc6 36. Qf3+ Kb5 37. a4+ Kxa4 38. Qa3+ Kb5 39. Qb3+ Bxb3 40. Rd3 Bc4 41. Rc3 Re7 42. f4 Re2 43. g4 Rxb2 44.
g5 Rb3 45. Rxb3+ Bxb3 46. f5 a4 47. f6 a3 48. g6 a2 49. f7 a1=Q+ 50. Kh2 Qg7 51.
g4 Bxf7 52. gxf7 Qxf7 53. Kg3 Qb3+ 54. Kh4 c4 55. Kg5 c3 56. Kf4 c2 57. g5 c1=Q+ 58.
Kf5 Qc6 59. g6 Qbd5+ 60. Kg4 Qcc4+ 61. Kg3 Qdd4 62. Kf3 Qdd5+ 63. Ke3 Qdd3+ 64. Kf2 Qcc2+ 65. Ke1 Qdd1# 0

[Event "Open Nuevo Centro. Jornada 2"]
[Site "Chess.com"]
[Date "2020.06.26"]
[Round "5"]
[White "Aymerich Rosell, Pablo"]
[Black "Gracia Calvo, Andrés"]
[Result "1-0"]
[WhiteElo "1985"]
[BlackElo "1812"]
[TimeControl "180+2"]
[EndTime "11:25:32 PDT"]
[Termination "Victoria de jasikevic por jaque mate"]

1. e4 d5 2. exd5 Qxd5 3. Nc3 Qd6 4. d4 Nf6 5. Nf3 Bg4 6. Bd3 e6 7. Ne4 Nxe4 8. Bxe4 c6 9. c3 Be7 10. h3 Bh5 11.
Qc2 Nd7 12. Be3 Nf6 13. Bd3 Bxf3 14. gxf3 O-O-O 15. Qa4 Kb8 16. O-O-O Nd5 17. c4 Nb6 18. Qb3 Qb4 19. Qc2 Bf6 20. c5 Nd5 21. a3 Qa5 22. Kb1 e5 23. Bd2 Qc7 24. dxe5 Qxe5 25. Qc1 Rhe8 26.
Be4 Qc7 27. Qc4 Re7 28. Bc1 g6 29. Rhe1 Rde8 30. Rh1 Nf4 31. Bxc6 bxc6 32. Bxf4 Be5 33.
Bxe5 Qxe5 34. Rd3 Qf5 35. Ka2 Ka8 36. Rb3 Re2 37. Qa6 Qd7 38. Rd1 Qc7 39. Rd6 Rc8 40. Rb6 Re7 41. Rdxc6 Qe5 42. Rxc8+ Qb8 43. Rbxb8# 1

[Event "Open Nuevo Centro. Jornada 2"]
[Site "Chess.com"]
[Date "2020.06.26"]
[Round "5"]
[White "Salvador Buiza, Victor"]
[Black "Rodriguez, Mathias"]
[Result "1-0"]
[WhiteElo "1767"]
[BlackElo "1971"]
[TimeControl "180+2"]
[EndTime "11:25:36 PDT"]
[Termination "Victoria de TERROROSCURO666 por tiempo"]

1. e4 e5 2. Nf3 Nc6 3. Bc4 Bc5 4. d3 h6 5. O-O Nf6 6. Be3 Bb6 7. c3 O-O 8. Nbd2 d6 9. Bb3 Bg4 10. h3 Bh5 11. Qc1 Kh7 12. Bc2 Nd7 13. Nh2 f5 14.
exf5 Rxf5 15. g4 Bxe3 16. gxf5 Qg5+ 17. Kh1 Bxd2 18. Qb1 Qh4 19. Kg2 Bf4 20. d4 Qg5+ 21.
Kh1 Bxh2 22. Kxh2 Qf4+ 23. Kg1 Bf3 24. f6+ e4 25. Rd1 Qg5+ 26. Kf1 Qg2+ 27. Ke1 Qg1+ 28.
Kd2 Qxf2+ 29. Kc1 Bxd1 30. Bxe4+ Kg8 31. Bh7+ Kf8 32. fxg7+ Kxg7 33. Qg6+ Kf8 34. Qxh6+ Ke7 35. Kxd1 Qf3+ 36. Kc2 Qe2+ 37. Kb3 Na5+ 38. Ka4 Qc4+ 39. b4 b5+ 40. Kxa5 Qe6 41. Qg7+ Qf7 42. Re1+ 1

[Event "Open Nuevo Centro. Jornada 2"]
[Site "Chess.com"]
[Date "2020.06.26"]
[Round "5"]
[White "Aguado, Pablo Luis"]
[Black "Hassomal Daswani, Birjkumar"]
[Result "1-0"]
[WhiteElo "1769"]
[BlackElo "1831"]
[TimeControl "180+2"]
[EndTime "11:25:46 PDT"]
[Termination "Victoria de PLAD_2006 por abandono"]

1. d4 Nf6 2. c4 c5 3. d5 e5 4. Nc3 d6 5. e4 Be7 6. Nge2 Nbd7 7. g3 Nf8 8. Bg2 Ng6 9. O-O h5 10. a3 h4 11. b4 b6 12. Rb1 Bg4 13. Qc2 Qd7 14.
bxc5 bxc5 15. Bg5 Bh3 16. Bxf6 Bxf6 17. Qa4 Bxg2 18. Qxd7+ Kxd7 19. Kxg2 Rhb8 20. f4 exf4 21. gxf4 Rb6 22. Na4 Ra6 23. Nec3 Bxc3 24. Nxc3 Rxa3 25. Rb7+ Ke8 26. Nb5 Ra2+ 27. Kf3 Rd8 28. Nxa7 Rxh2 29. Rfb1 Rh3+ 30. Kf2 Nxf4 31. Nc6 Nd3+ 32. Ke2 Nf4+ 33. Kf2 Rc8 34. Re7+ Kf8 35. Rbb7 Rg3 36. Rxf7+ Kg8 37. Rxf4 Ra8 38. Rxh4 Rc3 39. Ne7+ Kf7 40. Nf5+ Kf6 41. Rb2 Ke5 42. Nxg7 Rxc4 43. Rh5+ Kxe4 44. Re2+ Kd3 45. Rh3+ Kd4 46. Rh5 Kd3 47. Ne6 Kc3 48. Rh3+ Kb4 49. Rb2+ Ka4 50. Ra2+ 1

[Event "Open Nuevo Centro. Jornada 2"]
[Site "Chess.com"]
[Date "2020.06.26"]
[Round "5"]
[White "Cayon Pelaez, Pablo"]
[Black "Méndez Giménez , Néstor Emmanuel"]
[Result "1-0"]
[WhiteElo "1752"]
[BlackElo "1119"]
[TimeControl "180+2"]
[EndTime "11:25:55 PDT"]
[Termination "Victoria de Ataquedefinitivo por jaque mate"]

1. e4 e6 2. d4 c5 3. c3 Nc6 4. Nf3 Qb6 5. d5 exd5 6. exd5 Nce7 7. c4 Nf6 8. Nc3 d6 9. Bd3 Bd7 10. O-O g6 11. Re1 O-O-O 12. Ng5 Re8 13. Nxf7 Rg8 14. Bf4 Nf5 15. Rxe8+ Bxe8 16. Ng5 Qxb2 17. Nce4 Nxe4 18.
Bxe4 Bg7 19. Rb1 Qxa2 20. Ne6 Nd4 21. Nxg7 Rxg7 22. Bxd6 Ba4 23. Qg4+ Kd8 24. Qg5+ Kc8 25. Qg4+ Nf5 26. Bxf5+ gxf5 27. Qxf5+ Rd7 28. Qf8+ Rd8 29.
Qf5+ Bd7 30. Qxh7 Qxc4 31. Qh5 Qd3 32. Rd1 Qf5 33. Qxf5 Bxf5 34. Bg3 Kd7 35. d6 Ke6 36. f3 b5 37. Kf2 b4 38. Rc1 b3 39. Rxc5 b2 40. Re5+ Kxd6 41. Rxf5+ Ke6 42. Rb5 Rd2+ 43. Ke3 Rxg2 44. Be5 a6 45. Rxb2 Rxb2 46. Bxb2 a5 47. f4 Kf5 48. Kf3 a4 49. Ba3 Kg6 50. Kg4 Kf6 51. f5 Kg7 52. Kg5 Kf7 53. f6 Kg8 54. Kf5 Kf7 55. h3 Ke8 56. Ke6 Kd8 57. f7 Kc7 58. f8=Q Kb6 59. Qc5+ Kb7 60. Kd7 Ka6 61. Qb4 Ka7 62. Kc7 Ka6 63. Qb6# 1

[Event "Open Nuevo Centro. Jornada 2"]
[Site "Chess.com"]
[Date "2020.06.26"]
[Round "5"]
[White "Reig Albero, Ferran"]
[Black "Gimenez Saiz, Jose Raul"]
[Result "1-0"]
[WhiteElo "1801"]
[BlackElo "1530"]
[TimeControl "180+2"]
[EndTime "11:26:16 PDT"]
[Termination "Victoria de Narref por tiempo"]

1. e4 d5 2. exd5 Nf6 3. d4 Bg4 4. Be2 Bxe2 5. Qxe2 Qxd5 6. Nf3 Nc6 7. c4 Qf5 8. d5 Nb4 9. Nd4 Qg6 10. O-O O-O-O 11.
a3 Na6 12. Be3 e5 13. dxe6 Bc5 14. Rd1 fxe6 15. Nc3 Rhe8 16. b4 Bxd4 17. Bxd4 Nb8 18. Be3 Nc6 19. b5 Ne5 20. h3 Ne4 21. Nxe4 Qxe4 22.
c5 Nc4 23. b6 axb6 24. cxb6 Nxb6 25. Rab1 Nc4 26. Rb4 Rxd1+ 27. Qxd1 Qd5 28. Qe2 Nxe3 29. Qxe3 Qd1+ 30. Kh2 Qd5 31. Qa7 c5 32. Qa8+ Kd7 33.
Rxb7+ Kd6 34. Rb6+ Ke5 35. Qxe8 Kd4 36. Qf7 Ke5 37. f4+ Kd4 38. Qxg7+ Kc4 39. Qe5 Qd3 40. Rc6 Qxa3 41. Qxe6+ Kb4 42. Qe4+ Kb5 43. f5 Qb4 44. Qxb4+ cxb4 45. Rc8 b3 46. f6 Kb4 47. Rb8+ Ka3 48. f7 b2 49. f8=Q+ 1

[Event "Open Nuevo Centro. Jornada 2"]
[Site "Chess.com"]
[Date "2020.06.26"]
[Round "5"]
[White "Clement Gómez, José Antonio"]
[Black "Pallardo Lozoya, Jose Vicente"]
[Result "1-0"]
[WhiteElo "2486"]
[BlackElo "2272"]
[TimeControl "180+2"]
[EndTime "11:26:23 PDT"]
[Termination "Victoria de P4AD por tiempo"]

1. c4 e5 2. g3 Nc6 3. Bg2 d6 4. Nc3 g6 5. Rb1 Bg7 6. b4 f5 7. e3 Nf6 8. b5 Ne7 9. d4 O-O 10. dxe5 dxe5 11. Qb3 e4 12. Ba3 Be6 13. Nge2 Bf7 14.
Rd1 Qe8 15. Nf4 c6 16. O-O Kh8 17. bxc6 bxc6 18. Na4 Rb8 19. Qc2 Rg8 20. Bd6 Rc8 21. Nc5 g5 22. Nfe6 Bxe6 23. Nxe6 Ng6 24. Nxg5 h6 25.
Nh3 Qe6 26. Nf4 Nxf4 27. Bxf4 Rgd8 28. Bh3 Ng4 29. c5 Kh7 30. Rd6 Rxd6 31. Bxd6 h5 32. Rb1 Rd8 33. Rb7 Rd7 34. Rb8 Be5 35. Bxe5 Qxe5 36.
Kg2 Qe6 37. Qb2 Rg7 38. Rf8 Nh6 39. Qb8 Kg6 40. Re8 Qc4 41. Qc8 Qd5 42. Re6+ Kh7 43.
Qxc6 Qxc6 44. Rxc6 Rf7 45. Rc8 Kg7 46. c6 Kf6 47. c7 Ng4 48. Bxg4 hxg4 49. h4 gxh3+ 50. Kxh3 Rh7+ 51. Kg2 Rf7 52. f3 exf3+ 53. Kxf3 a5 54. a4 Ke6 55. Re8+ 1

[Event "Open Nuevo Centro. Jornada 2"]
[Site "Chess.com"]
[Date "2020.06.26"]
[Round "5"]
[White "Kovacevic, Slobodan"]
[Black "Gómez Alonso, Óscar"]
[Result "1-0"]
[WhiteElo "2112"]
[BlackElo "1862"]
[TimeControl "180+2"]
[EndTime "11:26:50 PDT"]
[Termination "Victoria de nikko110 por abandono"]

1. d4 Nf6 2. Nf3 d5 3. Bf4 c5 4. e3 Bf5 5. c3 Qb6 6. Qc1 g6 7.
Nbd2 Bg7 8. Nh4 Bc8 9. Bd3 Nh5 10. Bg3 Nxg3 11. hxg3 cxd4 12. exd4 Nd7 13. f4 Nf6 14. Rb1 Bg4 15. Ndf3 Ne4 16. Bxe4 dxe4 17. Ne5 Bxe5 18. fxe5 Qb5 19. Qe3 Qd3 20. Qxd3 exd3 21. Kd2 Be2 22. Nf3 h5 23. Ne1 O-O-O 24. Nxd3 Bxd3 25. Kxd3 b5 26. Rbf1 Rhf8 27. Rf3 Kd7 28. Rhf1 Ke8 29. b3 Rc8 30. c4 bxc4+ 31. bxc4 Rb8 32. R1f2 a5 33. Ke4 Rb4 34. Rb3 Kd7 35. Rxb4 axb4 36. d5 f5+ 37. exf6 exf6 38. c5 f5+ 39. Kd4 Re8 40. Kc4 Re4+ 41. Kb5 Rd4 42. d6 Rd5 43. Re2 g5 44.
Re7+ Kd8 45. Rg7 f4 46. gxf4 gxf4 47. Rf7 Rd4 48. Kc6 Ke8 49. Rf5 h4 50. Rh5 Rd2 51.
Rxh4 Rxa2 52. Rxf4 b3 53. Rb4 b2 54. g4 Ra6+ 55. Kd5 Ra2 56. g5 Kd7 57. c6+ Kc8 58. Ke6 Ra1 59. Rxb2 Re1+ 60. Kd5 Rd1+ 61. Kc5 Rc1+ 62.
Kb6 Rg1 63. d7+ Kd8 64. Kb7 Rxg5 65. c7+ 1

[Event "Open Nuevo Centro. Jornada 2"]
[Site "Chess.com"]
[Date "2020.06.26"]
[Round "5"]
[White "García Oviedo, Alejandro"]
[Black "Gimeno Higueras, Roberto"]
[Result "1-0"]
[WhiteElo "1869"]
[BlackElo "1970"]
[TimeControl "180+2"]
[EndTime "11:27:08 PDT"]
[Termination "Victoria de alexgarov por abandono"]

1. Nf3 Nf6 2. g3 b6 3. Bg2 Bb7 4. O-O g6 5. b3 Bg7 6. Bb2 O-O 7.
c4 d6 8. d4 Nbd7 9. Nc3 Re8 10. Re1 Ne4 11. Nxe4 Bxe4 12. Qd2 e6 13. Qe3 Nf6 14.
g4 Bb7 15. h3 c5 16. Rad1 Qc7 17. Qf4 cxd4 18. Qxd4 Rad8 19. Rc1 Nh5 20. Qd2 Bxb2 21. Qxb2 Nf4 22. Bf1 e5 23. Nd2 Qc6 24. Nf3 f5 25.
g5 Qe4 26. Qa3 a5 27. b4 Ne6 28. bxa5 Nxg5 29. Bg2 Qf4 30. Kh1 Bxf3 31. exf3 bxa5 32. Rc3 Ne6 33. Qxa5 Qh4 34. Rf1 Nf4 35. Kh2 g5 36. Rb3 g4 37. fxg4 fxg4 38. Qd2 Re6 39. Rg3 h5 40. Bd5 Nxd5 41. Qxd5 Kf7 42. Rb1 Rd7 43. Rb8 Qf6 44. Kg1 Qf4 45. hxg4 hxg4 46. Qd3 e4 47. Qd4 Qf6 48. Qd1 e3 49. Rxe3 Rxe3 50.
fxe3 Qh4 51. Qd5+ Ke7 52. Qe4+ Kf7 53. Qf5+ Ke7 54. Qf8+ Ke6 55. Re8+ Re7 56. Rxe7+ Qxe7 57. Qxe7+ Kxe7 58. Kg2 Kd7 59. Kg3 Kc6 60. Kxg4 Kc5 61. Kf4 Kxc4 62. Ke4 Kc5 63. Kd3 Kd5 64. a4 Kc5 65.
Ke4 Kb4 66. a5 Ka4 67. Kd5 Kxa5 68. Kxd6 Kb5 69. e4 Kc4 70. e5 1

[Event "Open Nuevo Centro. Jornada 2"]
[Site "Chess.com"]
[Date "2020.06.26"]
[Round "5"]
[White "Yeste Campos, Manuel"]
[Black "Mora Bort, Miguel Ángel"]
[Result "0-1"]
[WhiteElo "918"]
[BlackElo "1157"]
[TimeControl "180+2"]
[EndTime "11:27:14 PDT"]
[Termination "Victoria de miguelon41 por jaque mate"]

1. e4 e6 2. d4 d5 3. exd5 exd5 4. Nc3 Nf6 5. Nf3 Bd6 6. Be2 O-O 7. O-O Bg4 8. h3 Bh5 9. Bg5 c6 10. Re1 Nbd7 11. Bd3 Qc7 12. Bxf6 Nxf6 13. Qe2 Rfe8 14. Qd1 Rxe1+ 15. Qxe1 Re8 16. Qd2 Bf4 17. Qd1 Ne4 18. Ne2 Bd6 19. Nd2 Nxd2 20. Qxd2 Bxe2 21. Re1 Bf4 22.
Rxe2 Rxe2 23. Qxe2 g6 24. g3 Bd6 25. Kg2 Qe7 26. Qg4 Qc7 27. c4 h5 28. Qf3 Qe7 29. cxd5 cxd5 30. Qxd5 b6 31. Qa8+ Kg7 32. Qe4 Qxe4+ 33.
Bxe4 Kf6 34. g4 hxg4 35. hxg4 Ke6 36. Kf3 f5 37. gxf5+ gxf5 38. Bd3 Kf6 39. Ke3 f4+ 40. Kf3 Kg5 41. Ke4 Kh4 42. a3 Kh3 43. f3 Kg3 44. b4 a5 45. bxa5 bxa5 46. a4 Bb4 47. d5 Bd6 48.
Bc4 Bc7 49. Be2 Bd6 50. Bd3 Kf2 51. Bc4 Ke1 52. Bd3 Kd2 53. Bc4 Kc3 54. Bd3 Kb4 55. Be2 Kxa4 56. Bd1+ Kb4 57. Be2 a4 58. Bd1 a3 59.
Kd4 a2 60. Be2 a1=Q+ 61. Kd3 Qe5 62. Kd2 Qxd5+ 63. Ke1 Bc5 64. Kf1 Qd4 65. Ke1 Qf2+ 66. Kd1 Kc3 67. Kc1 Qxe2 68. Kb1 Kb3 69. Kc1 Qc2# 0

[Event "Open Nuevo Centro. Jornada 2"]
[Site "Chess.com"]
[Date "2020.06.26"]
[Round "5"]
[White "Rabbani Perez, Oumaima "]
[Black "Martínez Cuenca, Adrián "]
[Result "0-1"]
[WhiteElo "666"]
[BlackElo "625"]
[TimeControl "180+2"]
[EndTime "11:27:37 PDT"]
[Termination "Victoria de AdrianM12 por jaque mate"]

1. e3 e5 2. Bd3 Qg5 3. Qf3 Nf6 4.
Nh3 g6 5. Nxg5 h6 6. Nh3 Nd5 7.
Qxd5 c6 8. Qe4 d5 9. Qxe5+ Be7 10. Nf4 g5 11. Ng6 fxg6 12. Qxh8+ Bf8 13. Bxg6+ Ke7 14.
Qe5+ Kd7 15. Bf5+ Kd8 16. Qf6+ Ke8 17. Bxc8 Na6 18. Qd6 Rxc8 19. Qc7 Rxc7 20. b3 Nb4 21. Na3 Na6 22. Bb2 Nb4 23. h4 c5 24. hxg5 c4 25. bxc4 Nxc2+ 26. Kd1 Nxa1 27. Bxa1 dxc4 28. Rh4 c3 29.
dxc3 Rxc3 30. Bxc3 hxg5 31. Rh7 Bxa3 32. e4 Bc5 33. f3 Bd6 34. Rg7 Kf8 35. Rxg5 Kf7 36. Rf5+ Kg6 37. Bf6 b5 38. Rxb5 a6 39.
Rb6 a5 40. f4 a4 41. f5+ Kh5 42. e5 Bxe5 43. Bg7 Bxg7 44. f6 Bxf6 45. Rb5+ Bg5 46. Rb2 Bf6 47. g3 Bxb2 48. g4+ Kxg4 49. Kc2 Bf6 50. Kd3 Be7 51. Kc4 Kf3 52. Kb5 a3 53. Ka4 Ke2 54. Kb3 Kd2 55. Kc4 Kc2 56. Kd5 Kb2 57.
Kc4 Kxa2 58. Kc3 Bd6 59. Kc2 Ka1 60. Kc1 Be5 61. Kc2 Bf4 62. Kb3 a2 63. Ka3 Kb1 64. Kb3 a1=Q 65. Kc4 Qb2 66. Kc5 Qa3+ 67. Kc6 Qa5 68.
Kd7 Qb6 69. Ke8 Qc7 70. Kf8 Qd7 71. Kg8 Qe7 72. Kh8 Kc2 73. Kg8 Kd3 74. Kh8 Ke4 75.
Kg8 Kf5 76. Kh8 Kg6 77. Kg8 Qg7# 0

[Event "Open Nuevo Centro. Jornada 2"]
[Site "Chess.com"]
[Date "2020.06.26"]
[Round "6"]
[White "Pardo Ruiz, Carlos"]
[Black "Amorós Pérez, Manuel David"]
[Result "1-0"]
[WhiteElo "1859"]
[BlackElo "1637"]
[TimeControl "180+2"]
[EndTime "11:29:51 PDT"]
[Termination "Victoria de Carlitoscarlsen por jaque mate"]

1. e4 d5 2. exd5 Qxd5 3. Nc3 Qd8 4. d4 Bf5 5. Nf3 e6 6. Bc4 c6 7. Bf4 Bd6 8. Bxd6 Qxd6 9. O-O Nf6 10. Ne5 O-O 11. Ne2 Nbd7 12. Nxd7 Nxd7 13. c3 Nb6 14.
Bb3 Rad8 15. Ng3 Bg6 16. Qf3 a5 17. Ne4 Bxe4 18. Qxe4 a4 19. Bc2 Nc4 20. Qxh7# 1

[Event "Open Nuevo Centro. Jornada 2"]
[Site "Chess.com"]
[Date "2020.06.26"]
[Round "6"]
[White "Colomer Martinez, Isabel"]
[Black "Valero Martinez, Óscar"]
[Result "0-1"]
[WhiteElo "1214"]
[BlackElo "1201"]
[TimeControl "180+2"]
[EndTime "11:29:55 PDT"]
[Termination "Victoria de Oscar12000 por jaque mate"]

1. d4 d5 2. c4 Nf6 3. Nc3 Nc6 4. Nf3 Bg4 5. Ne5 Nxe5 6. dxe5 Ne4 7. Nxd5 e6 8. Ne3 Bb4+ 9. Bd2 Bxd2+ 10. Qxd2 Qxd2# 0

[Event "Open Nuevo Centro. Jornada 2"]
[Site "Chess.com"]
[Date "2020.06.26"]
[Round "6"]
[White "Saiz Sapena, Veronica"]
[Black "Méndez Giménez , Néstor Emmanuel"]
[Result "1-0"]
[WhiteElo "1551"]
[BlackElo "1117"]
[TimeControl "180+2"]
[EndTime "11:30:46 PDT"]
[Termination "Victoria de Titina1 por jaque mate"]

1. e4 e6 2. d4 c5 3. Nf3 Nc6 4. Bb5 cxd4 5. Bxc6 bxc6 6. Nxd4 Bc5 7. O-O Ba6 8. Nc3 Bxf1 9. Kxf1 Bxd4 10. Qxd4 Nf6 11. Bg5 Qe7 12. e5 h6 13. Bh4 g5 14. exf6 Qf8 15.
Bg3 O-O-O 16. Qxa7 d6 17. Na4 Qe8 18. Nb6# 1

[Event "Open Nuevo Centro. Jornada 2"]
[Site "Chess.com"]
[Date "2020.06.26"]
[Round "6"]
[White "Donate Moreno, David"]
[Black "Martínez Cuenca, Jose Andrés"]
[Result "1-0"]
[WhiteElo "1519"]
[BlackElo "1083"]
[TimeControl "180+2"]
[EndTime "11:30:58 PDT"]
[Termination "Victoria de sylar48 por jaque mate"]

1. e4 c5 2. Nf3 g6 3. d4 cxd4 4. Nxd4 Nc6 5. Be3 Bg7 6. Nc3 d6 7. f3 Qb6 8. Qc1 Bxd4 9. Nd5 Qa5+ 10. b4 Qa4 11. Bxd4 Nxd4 12. Nc7+ Kd8 13. Nxa8 Nxc2+ 14. Kf2 Nxa1 15. Qc7+ Ke8 16. Qxc8# 1

[Event "Open Nuevo Centro. Jornada 2"]
[Site "Chess.com"]
[Date "2020.06.26"]
[Round "6"]
[White "García Giménez, Santiago"]
[Black "Lloret Ramis, Juan José"]
[Result "0-1"]
[WhiteElo "2010"]
[BlackElo "1988"]
[TimeControl "180+2"]
[EndTime "11:31:14 PDT"]
[Termination "Victoria de Amiplim por abandono"]

1. e4 e6 2. d4 d5 3. Nd2 c5 4.
exd5 exd5 5. Ngf3 Nc6 6. Bb5 Bd6 7. dxc5 Bxc5 8. O-O Ne7 9. Nb3 Bd6 10. c3 O-O 11. h3 Bd7 12. Bd3 Bf5 13. Re1 Qd7 14. Nbd4 Nxd4 15. Nxd4 Bxd3 16. Qxd3 Nc6 17. Nf5 Ne5 18. Qg3 Qxf5 0

[Event "Open Nuevo Centro. Jornada 2"]
[Site "Chess.com"]
[Date "2020.06.26"]
[Round "6"]
[White "Sverdlik Roldán, Elías"]
[Black "Vicent Lázaro, Elena"]
[Result "1-0"]
[WhiteElo "766"]
[BlackElo "673"]
[TimeControl "180+2"]
[EndTime "11:31:48 PDT"]
[Termination "Victoria de Elias903 por abandono"]

1. e4 e6 2. d4 c5 3. c3 Na6 4. Nf3 Bd6 5. c4 Bb8 6. Nc3 Nf6 7. d5 exd5 8. cxd5 O-O 9. e5 Ne8 10. Bxa6 bxa6 11. O-O Qc7 12. d6 Qc6 13. Qd5 Qb6 14. Qxa8 f6 1

[Event "Open Nuevo Centro. Jornada 2"]
[Site "Chess.com"]
[Date "2020.06.26"]
[Round "6"]
[White "Elenkov Olmo, Ivan"]
[Black "Rabbani Perez, Ayoub "]
[Result "1-0"]
[WhiteElo "903"]
[BlackElo "220"]
[TimeControl "180+2"]
[EndTime "11:31:55 PDT"]
[Termination "Victoria de IVANELEN por jaque mate"]

1. e4 e5 2. Nf3 Nf6 3. Nxe5 Nxe4 4. Qe2 Qe7 5. Qxe4 Qf6 6. Ng4+ Qe7 7. Qxe7+ Bxe7 8. Bc4 d6 9. O-O Bxg4 10. Bd3 Bc8 11. Be4 Rf8 12. Bxb7 Bxb7 13. Re1 d5 14. Nc3 d4 15.
Nb5 c6 16. Nc7+ Kd7 17. Nxa8 Bxa8 18. c3 dxc3 19. dxc3 Bb7 20. Be3 c5 21. Rad1+ Ke8 22. Bxc5 Na6 23. Rxe7# 1

[Event "Open Nuevo Centro. Jornada 2"]
[Site "Chess.com"]
[Date "2020.06.26"]
[Round "6"]
[White "Beneyto de Ramon, Guillermo"]
[Black "Cinà Asensio, Luca "]
[Result "1-0"]
[WhiteElo "1506"]
[BlackElo "634"]
[TimeControl "180+2"]
[EndTime "11:32:08 PDT"]
[Termination "Victoria de GUILLETE por jaque mate"]

1. c4 e6 2. Nc3 c5 3. g3 Nc6 4. Bg2 Be7 5. Nf3 Nf6 6. d3 O-O 7. O-O Nb4 8. a3 Nc6 9. Bf4 Nh5 10. Qd2 Nxf4 11. Qxf4 Bd6 12. Qg4 Bf4 13. Qxf4 Ne7 14. Ne5 Ng6 15. Nxg6 fxg6 16. Qe3 b6 17. Bxa8 Ba6 18.
Bg2 Qb8 19. Ne4 Bb7 20. d4 cxd4 21. Qxd4 e5 22. Qd6 Qd8 23. Nf6+ gxf6 24. Bxb7 f5 25. Rad1 Rf6 26. Qxd7 Qb8 27. Qd8+ Qxd8 28. Rxd8+ Kf7 29. Rfd1 Ke7 30. R1d7+ Ke6 31. Bd5# 1

[Event "Open Nuevo Centro. Jornada 2"]
[Site "Chess.com"]
[Date "2020.06.26"]
[Round "6"]
[White "Garcia, Jhoel"]
[Black "Segarra Martinez, Axel"]
[Result "1-0"]
[WhiteElo "2300"]
[BlackElo "2207"]
[TimeControl "180+2"]
[EndTime "11:32:33 PDT"]
[Termination "Victoria de shoels por jaque mate"]

1. c4 e5 2. g3 Nf6 3. Bg2 d5 4.
cxd5 Nxd5 5. Nc3 Ne7 6. Nf3 Nbc6 7. O-O g6 8. a3 Bg7 9. b4 a6 10. Bb2 O-O 11. d3 h6 12. Rc1 Be6 13. Ne4 b6 14. Ned2 Qd7 15. Qc2 Rac8 16. Rfe1 Rfe8 17. Nc4 Nd4 18. Nxd4 exd4 19. Bb7 Rb8 20. Bxa6 Bd5 21. e4 dxe3 22. Nxe3 Bf3 23. Bxg7 Kxg7 24. Qxc7 Qa4 25. Bc4 Qxa3 26. Qf4 Bd5 27. Bxd5 Nxd5 28. Nxd5 Qxd3 29.
Qf6+ Kg8 30. Ne7+ Kf8 31. Qh8# 1

[Event "Open Nuevo Centro. Jornada 2"]
[Site "Chess.com"]
[Date "2020.06.26"]
[Round "6"]
[White "Torres Biosca, Roberto"]
[Black "Martínez Albelda, Mariela"]
[Result "0-1"]
[WhiteElo "688"]
[BlackElo "1001"]
[TimeControl "180+2"]
[EndTime "11:33:52 PDT"]
[Termination "Victoria de laranita303 por jaque mate"]

1. e4 e5 2. Bc4 Nc6 3. Qh5 Qf6 4. d3 g6 5. Qh3 d5 6. exd5 Bxh3 7. Nxh3 Nd4 8. c3 Nc2+ 9. Kd1 Nxa1 10. Bb5+ c6 11.
dxc6 bxc6 12. Ba6 c5 13. Bg5 Qxa6 14. c4 Be7 15. Be3 Qxa2 16. Nd2 Qxb2 17. Ke2 Nc2 18. Ng1 Nxe3 19. fxe3 Bg5 20. Nf3 Bd8 21. Nxe5 Qxe5 22. e4 Qb2 23. Rb1 Qc2 24. g4 Bg5 25. Rd1 Nf6 26.
h4 Bf4 27. e5 Bxe5 28. g5 Ng4 29. h5 gxh5 30. g6 fxg6 31. d4 Bf4 32. dxc5 h4 33.
c6 h3 34. c7 h2 35. c8=Q+ Rxc8 36. c5 h1=Q 37. Rxh1 Qxd2+ 38. Kf1 Qf2# 0

[Event "Open Nuevo Centro. Jornada 2"]
[Site "Chess.com"]
[Date "2020.06.26"]
[Round "6"]
[White "Tormos Beltran, Maite"]
[Black "Zakharash, Georgii"]
[Result "1-0"]
[WhiteElo "1465"]
[BlackElo "1060"]
[TimeControl "180+2"]
[EndTime "11:33:57 PDT"]
[Termination "Victoria de TORBEL79 por jaque mate"]

1. d4 d5 2. c4 e6 3. Nc3 Nf6 4. Nf3 Bb4 5. Qc2 Nc6 6. g3 O-O 7. Bg2 Bxc3+ 8. Qxc3 Re8 9. O-O e5 10. dxe5 d4 11. Qd3 Nxe5 12. Nxe5 Rxe5 13. Bf4 Re8 14.
Rad1 c5 15. e3 Be6 16. exd4 Qxd4 17. Qxd4 cxd4 18. Rxd4 Rad8 19. Rxd8 Rxd8 20. Bxb7 Bxc4 21. Re1 Bxa2 22. Be3 h6 23. Bxa7 Rd7 24. Ra1 Rxb7 25. Rxa2 Re7 26. Bc5 Rc7 27. Bd4 Rc6 28. b4 Nd5 29.
Bc5 Nb6 30. Ra6 Rxc5 31. bxc5 Nd7 32. c6 Ne5 33. c7 Nc6 34. c8=Q+ Kh7 35. Rxc6 f5 36.
Qxf5+ Kh8 37. Rc8# 1

[Event "Open Nuevo Centro. Jornada 2"]
[Site "Chess.com"]
[Date "2020.06.26"]
[Round "6"]
[White "Valero Artagoitia, Sara"]
[Black "Yeste Campos, Manuel"]
[Result "0-1"]
[WhiteElo "512"]
[BlackElo "920"]
[TimeControl "180+2"]
[EndTime "11:33:59 PDT"]
[Termination "Victoria de Manuel_Yeste por jaque mate"]

1. e4 e5 2. Nf3 Nc6 3. Nc3 Nf6 4. Bc4 Bc5 5. Ng5 O-O 6. O-O d6 7. h3 h6 8. Nf3 Nd4 9. d3 b6 10. a4 Bb7 11. Be3 Nxf3+ 12. Qxf3 Bxe3 13. Qxe3 d5 14. Bb5 d4 15. Qg3 dxc3 16. bxc3 a6 17. Bc4 b5 18.
axb5 axb5 19. Bxb5 Rxa1 20. Rxa1 Re8 21. Bxe8 Qxe8 22. d4 exd4 23. cxd4 Nxe4 24. Qxc7 Bd5 25. Qd6 Nxd6 26. Rb1 Qe4 27. Rb6 Qxg2# 0

[Event "Open Nuevo Centro. Jornada 2"]
[Site "Chess.com"]
[Date "2020.06.26"]
[Round "6"]
[White "Rojo Everss, Noel"]
[Black "Perrot, Fabien "]
[Result "0-1"]
[WhiteElo "745"]
[BlackElo "1001"]
[TimeControl "180+2"]
[EndTime "11:34:36 PDT"]
[Termination "Victoria de InspiredMinds por jaque mate"]

1. e4 e5 2. Bc4 Nf6 3. Nf3 Nc6 4. d4 exd4 5. Ne5 Nxe5 6. O-O Nxc4 7.
Bg5 Be7 8. h4 h6 9. Nc3 dxc3 10.
b3 Nxe4 11. Qd4 hxg5 12. Qxe4 Nd6 13. Qe3 gxh4 14. Qxc3 Bf6 15. Qe3+ Qe7 16. Qc5 Bxa1 17. Re1 Qxe1+ 18. Kh2 Be5+ 19. Kh3 Qe4 20. Qc3 Bxc3 21. Kh2 Qe2 22. Kh3 Qxf2 23. Kg4 Qg3# 0